| TOP OF THE 1ST |
|
Mississippi Braves batting - Pitching for Altoona Curve : LHP John Mandarino
|
|
Pitching: LHP John Mandarino
|
|
|
Batting: RHB Hieronim Rutkowski
|
0-0: Ball 1-0: Ball 2-0: Ball 3-0: Foul Ball, location: 2F 3-1: Bunt missed! 3-2: Foul Ball, location: 2F 3-2: SOLO HOME RUN (Flyball, 7D, EV 94.4 MPH), Distance : 370 ft
|
|
Batting: RHB Justin Reich
|
0-0: Fly out, F7 (Line Drive, 78M, EV 93.8 MPH)
|
|
Batting: LHB Art D'Ascenzo
|
0-0: Ball 1-0: Called Strike 1-1: Ball 2-1: Swinging Strike 2-2: Ball 3-2: Strikes out swinging
|
|
Batting: RHB Yojiro Hayashi
|
0-0: Swinging Strike 0-1: Ball 1-1: Foul Ball, location: 2F 1-2: SINGLE (Line Drive, 9S, EV 86.2 MPH)
|
|
Batting: RHB Jose Garate
|
0-0: Ball 1-0: Ball Yojiro Hayashi steals 2nd base 2-0: Fly out, F9 (Flyball, 9S, EV 84.4 MPH)
|
| Top of the 1st over - 1 run, 2 hits, 0 errors, 1 left on base; Mississippi 1 - Altoona 0 |
| BOTTOM OF THE 1ST |
|
Altoona Curve batting - Pitching for Mississippi Braves : RHP Troy Hutch
|
|
Pitching: RHP Troy Hutch
|
|
|
Batting: LHB Sammy Roddenberry
|
0-0: Ground out 6-3 (Groundball, 6MS, EV 83.1 MPH)
|
|
Batting: RHB Jose Almonte
|
0-0: Swinging Strike 0-1: Ball 1-1: Called Strike 1-2: Strikes out swinging
|
|
Batting: LHB Nick Rooney
|
0-0: Ball 1-0: Called Strike 1-1: Ball 2-1: Ball 3-1: Base on Balls
|
|
Batting: LHB Phil DeCamp
|
0-0: Ball 1-0: Called Strike 1-1: Ball 2-1: Ball 3-1: Base on Balls Nick Rooney to second
|
|
Batting: RHB Freddy Quintero
|
0-0: Ground out 4-3 (Groundball, 4D, EV 99.4 MPH)
|
| Bottom of the 1st over - 0 runs, 0 hits, 0 errors, 2 left on base; Mississippi 1 - Altoona 0 |
| TOP OF THE 2ND |
|
Mississippi Braves batting - Pitching for Altoona Curve : LHP John Mandarino
|
|
Batting: SHB Jose Melendez
|
0-0: Ball 1-0: Called Strike 1-1: Swinging Strike 1-2: Foul Ball, location: 2F 1-2: Foul Ball, location: 2F 1-2: Foul Ball, location: 2F 1-2: Foul Ball, location: 2F 1-2: Foul Ball, location: 2F 1-2: Ball 2-2: Foul Ball, location: 2F 2-2: SINGLE (Groundball, 25, EV 70.6 MPH) (infield hit)
|
|
Batting: LHB Sal Fernandez
|
0-0: Ball Jose Melendez steals 2nd base 1-0: Swinging Strike 1-1: Ball 2-1: Ball 3-1: Called Strike 3-2: Base on Balls
|
|
Batting: RHB Tim Molchan
|
0-0: SINGLE (Groundball, 6D, EV 102.5 MPH) Jose Melendez to third Sal Fernandez to second Runner from 3rd tries for Home, SAFE, throw by LF to home
|
|
Batting: RHB Alex Velasquez
|
0-0: Ball 1-0: Ball 2-0: Grounds into double play, 5-4-3 (Groundball, 56, EV 77.5 MPH) Sal Fernandez to third
|
|
Batting: RHB Hieronim Rutkowski
|
0-0: Ball 1-0: Called Strike 1-1: Ball 2-1: Swinging Strike 2-2: Ball 3-2: Fly out, F9 (Flyball, 89S, EV 90.6 MPH)
|
| Top of the 2nd over - 1 run, 2 hits, 0 errors, 1 left on base; Mississippi 2 - Altoona 0 |
| BOTTOM OF THE 2ND |
|
Altoona Curve batting - Pitching for Mississippi Braves : RHP Troy Hutch
|
|
Batting: LHB Jorge Quintana
|
0-0: Ball 1-0: Called Strike 1-1: Swinging Strike 1-2: Ground out U3 (Groundball, 3, EV 83.1 MPH)
|
|
Batting: RHB Richard Barrios
|
0-0: Foul Ball, location: 2F 0-1: Ball 1-1: Swinging Strike 1-2: Ground out 6-3 (Groundball, P, EV 88.1 MPH)
|
|
Batting: RHB Keiji Nakajima
|
0-0: Foul Ball, location: 2F 0-1: Fly out, F8 (Flyball, 8RM, EV 90.0 MPH)
|
| Bottom of the 2nd over - 0 runs, 0 hits, 0 errors, 0 left on base; Mississippi 2 - Altoona 0 |
| TOP OF THE 3RD |
|
Mississippi Braves batting - Pitching for Altoona Curve : LHP John Mandarino
|
|
Batting: RHB Justin Reich
|
0-0: Called Strike 0-1: Ball 1-1: Ball 2-1: Ball 3-1: Base on Balls
|
|
Batting: LHB Art D'Ascenzo
|
0-0: Called Strike 0-1: Ball 1-1: Swinging Strike 1-2: Foul Ball, location: 2F 1-2: Ball 2-2: Strikes out swinging
|
|
Batting: RHB Yojiro Hayashi
|
0-0: Ball 1-0: Called Strike 1-1: Swinging Strike 1-2: Fly out, F7 (Line Drive, 7, EV 95.6 MPH)
|
|
Batting: RHB Jose Garate
|
0-0: Ground out 2-3 (Groundball, 15S, EV 70.6 MPH)
|
| Top of the 3rd over - 0 runs, 0 hits, 0 errors, 1 left on base; Mississippi 2 - Altoona 0 |
| BOTTOM OF THE 3RD |
|
Altoona Curve batting - Pitching for Mississippi Braves : RHP Troy Hutch
|
|
Batting: SHB Curtis Thompson
|
0-0: Swinging Strike 0-1: Foul Ball, location: 2F 0-2: Ball 1-2: Foul Ball, location: 2F 1-2: Strikes out looking
|
|
Batting: LHB Sammy Roddenberry
|
0-0: Fly out, F8 (Line Drive, 8LM, EV 95.0 MPH)
|
|
Batting: RHB Jose Almonte
|
0-0: Ball 1-0: Foul Ball, location: 2F 1-1: Called Strike 1-2: SINGLE (Groundball, 6MD, EV 95.6 MPH)
|
|
Batting: LHB Nick Rooney
|
0-0: Ball 1-0: Ball 2-0: Ball 3-0: Swinging Strike 3-1: Base on Balls Jose Almonte to second
|
|
Batting: LHB Phil DeCamp
|
0-0: Ball 1-0: Ground out 4-3 (Groundball, 34, EV 92.5 MPH)
|
| Bottom of the 3rd over - 0 runs, 1 hit, 0 errors, 2 left on base; Mississippi 2 - Altoona 0 |
| TOP OF THE 4TH |
|
Mississippi Braves batting - Pitching for Altoona Curve : LHP John Mandarino
|
|
Batting: SHB Jose Melendez
|
0-0: Called Strike 0-1: Called Strike 0-2: Ball 1-2: SINGLE (Groundball, 34S, EV 73.8 MPH) (infield hit)
|
|
Batting: LHB Sal Fernandez
|
0-0: Called Strike Jose Melendez is caught stealing 2nd base 2-6 0-1: Called Strike 0-2: Strikes out swinging
|
|
Batting: RHB Tim Molchan
|
0-0: SOLO HOME RUN (Flyball, 89XD, EV 102.5 MPH), Distance : 402 ft
|
|
Batting: RHB Alex Velasquez
|
0-0: Called Strike 0-1: Foul Ball, location: 2F 0-2: Ball 1-2: Ground out 4-3 (Groundball, 4, EV 81.9 MPH)
|
| Top of the 4th over - 1 run, 2 hits, 0 errors, 0 left on base; Mississippi 3 - Altoona 0 |
| BOTTOM OF THE 4TH |
|
Altoona Curve batting - Pitching for Mississippi Braves : RHP Troy Hutch
|
|
Batting: RHB Freddy Quintero
|
0-0: Foul Ball, location: 2F 0-1: Ball 1-1: Foul Ball, location: 2F 1-2: Ground out 6-3 (Groundball, 56, EV 88.1 MPH)
|
|
Batting: LHB Jorge Quintana
|
0-0: Called Strike 0-1: Ball 1-1: Ball 2-1: Foul Ball, location: 2F 2-2: Foul Ball, location: 2F 2-2: Strikes out swinging
|
|
Batting: RHB Richard Barrios
|
0-0: Swinging Strike 0-1: Foul Ball, location: 2F 0-2: Ball 1-2: Ball 2-2: Foul Ball, location: 2F 2-2: Fly out, F8 (Flyball, 8RD, EV 87.5 MPH)
|
| Bottom of the 4th over - 0 runs, 0 hits, 0 errors, 0 left on base; Mississippi 3 - Altoona 0 |
| TOP OF THE 5TH |
|
Mississippi Braves batting - Pitching for Altoona Curve : LHP John Mandarino
|
|
Batting: RHB Hieronim Rutkowski
|
0-0: Ball 1-0: Ball 2-0: DOUBLE (Flyball, 8LXD, EV 106.2 MPH)
|
|
Batting: RHB Justin Reich
|
0-0: Called Strike 0-1: Called Strike 0-2: Strikes out swinging
|
|
Batting: LHB Art D'Ascenzo
|
0-0: Ball 1-0: Ball 2-0: Ball 3-0: Called Strike 3-1: Foul Ball, location: 2F 3-2: Ground out 4-3 (Groundball, 34D, EV 101.2 MPH) Hieronim Rutkowski to third
|
|
Batting: RHB Yojiro Hayashi
|
0-0: Foul Ball, location: 2F 0-1: Called Strike 0-2: Strikes out swinging
|
| Top of the 5th over - 0 runs, 1 hit, 0 errors, 1 left on base; Mississippi 3 - Altoona 0 |
| BOTTOM OF THE 5TH |
|
Altoona Curve batting - Pitching for Mississippi Braves : RHP Troy Hutch
|
|
Batting: RHB Keiji Nakajima
|
0-0: Called Strike 0-1: Ball 1-1: Swinging Strike 1-2: Foul Ball, location: 2F 1-2: Foul Ball, location: 2F 1-2: Ball 2-2: Ball 3-2: Strikes out swinging
|
|
Batting: SHB Curtis Thompson
|
0-0: Foul Ball, location: 2F 0-1: Foul Ball, location: 2F 0-2: Ball 1-2: Fly out, F8 (Flyball, 8LM, EV 93.1 MPH)
|
|
Batting: LHB Sammy Roddenberry
|
0-0: Fly out, F7 (Flyball, 78S, EV 88.8 MPH)
|
| Bottom of the 5th over - 0 runs, 0 hits, 0 errors, 0 left on base; Mississippi 3 - Altoona 0 |
| TOP OF THE 6TH |
|
Mississippi Braves batting - Pitching for Altoona Curve : LHP John Mandarino
|
|
Batting: RHB Jose Garate
|
0-0: Ball 1-0: Foul Ball, location: 2F 1-1: Foul Ball, location: 2F 1-2: Ground out 6-3 (Groundball, 6S, EV 93.1 MPH)
|
|
Pitching: RHP Bobby Detmer
|
|
|
Batting: SHB Jose Melendez
|
0-0: Foul Ball, location: 2F 0-1: Ball 1-1: Fly out, F7 (Flyball, 78S, EV 91.9 MPH)
|
|
Batting: LHB Sal Fernandez
|
0-0: Ball 1-0: Ball 2-0: SINGLE (Line Drive, 6M, EV 95.6 MPH)
|
|
Batting: RHB Tim Molchan
|
0-0: Ball Sal Fernandez steals 2nd base (no throw) 1-0: Swinging Strike 1-1: Ball 2-1: Foul Ball, location: 2F 2-2: Foul Ball, location: 2F 2-2: Ball 3-2: Strikes out swinging
|
| Top of the 6th over - 0 runs, 1 hit, 0 errors, 1 left on base; Mississippi 3 - Altoona 0 |
| BOTTOM OF THE 6TH |
|
Altoona Curve batting - Pitching for Mississippi Braves : RHP Troy Hutch
|
|
Batting: RHB Jose Almonte
|
0-0: Ball 1-0: DOUBLE (Flyball, 89D, EV 107.5 MPH)
|
|
Batting: LHB Nick Rooney
|
0-0: Ball 1-0: Called Strike 1-1: Ground out 6-3 (Groundball, 4M, EV 90.0 MPH) Jose Almonte to third
|
|
Pitching: RHP Gordon Cushing
|
|
|
Batting: LHB Phil DeCamp
|
0-0: Ball 1-0: Swinging Strike 1-1: Ball 2-1: SINGLE (Line Drive, 4M, EV 96.9 MPH) Jose Almonte scores
|
|
Batting: RHB Freddy Quintero
|
0-0: Ball 1-0: DOUBLE (Flyball, 8LXD, EV 96.2 MPH) Phil DeCamp to third
|
|
Batting: LHB Jorge Quintana
|
0-0: Ball 1-0: Ground out 4-3 (Groundball, 4, EV 83.1 MPH) Phil DeCamp scores Freddy Quintero to third
|
|
Batting: RHB Richard Barrios
|
0-0: Called Strike 0-1: Fly out, F9 (Flyball, 9, EV 90.0 MPH)
|
| Bottom of the 6th over - 2 runs, 3 hits, 0 errors, 1 left on base; Mississippi 3 - Altoona 2 |
| TOP OF THE 7TH |
|
Mississippi Braves batting - Pitching for Altoona Curve : RHP Bobby Detmer
|
|
Batting: RHB Alex Velasquez
|
0-0: Ball 1-0: Called Strike 1-1: Ball 2-1: Foul Ball, location: 2F 2-2: Ground out 4-3 (Groundball, 4, EV 88.1 MPH)
|
|
Batting: RHB Hieronim Rutkowski
|
0-0: Ball 1-0: Ball 2-0: Ball 3-0: Called Strike 3-1: Foul Ball, location: 2F 3-2: SINGLE (Line Drive, 7S, EV 101.9 MPH)
|
|
Batting: RHB Justin Reich
|
0-0: Foul Ball, location: 2F 0-1: Ball Hieronim Rutkowski steals 2nd base (no throw) 1-1: Fly out, F6 (Popup, 4S, EV 77.5 MPH)
|
|
Batting: LHB Art D'Ascenzo
|
0-0: Ball 1-0: Ball 2-0: Foul Ball, location: 2F 2-1: Foul Ball, location: 2F 2-2: Ball 3-2: Ground out 4-3 (Groundball, 4S, EV 64.4 MPH)
|
| Top of the 7th over - 0 runs, 1 hit, 0 errors, 1 left on base; Mississippi 3 - Altoona 2 |
| BOTTOM OF THE 7TH |
|
Altoona Curve batting - Pitching for Mississippi Braves : RHP Gordon Cushing
|
|
Now at 1B: Hieronim Rutkowski
|
|
|
Now at 3B: Adrian Billups
|
|
|
Pinch Hitting: LHB Gregg Kellerman
|
0-0: Ground out 4-3 (Groundball, 4, EV 88.8 MPH)
|
|
Batting: SHB Curtis Thompson
|
0-0: Called Strike 0-1: Ball 1-1: Foul Ball, location: 2F 1-2: Ball 2-2: Strikes out swinging
|
|
Batting: LHB Sammy Roddenberry
|
0-0: Ball 1-0: Foul Ball, location: 2F 1-1: Foul Ball, location: 2F 1-2: SINGLE (Groundball, 56, EV 83.8 MPH) (infield hit)
|
|
Batting: RHB Jose Almonte
|
0-0: Called Strike Sammy Roddenberry is caught stealing 2nd base 2-4
|
| Bottom of the 7th over - 0 runs, 1 hit, 0 errors, 0 left on base; Mississippi 3 - Altoona 2 |
| TOP OF THE 8TH |
|
Mississippi Braves batting - Pitching for Altoona Curve : RHP Bobby Detmer
|
|
Pitching: RHP Justin Jones
|
|
|
Now at 2B: Richard Barrios
|
|
|
Now at SS: Pleun Smit
|
|
|
Batting: RHB Yojiro Hayashi
|
0-0: Called Strike 0-1: Swinging Strike 0-2: Strikes out swinging
|
|
Batting: RHB Adrian Billups
|
0-0: Ball 1-0: Called Strike 1-1: Ball 2-1: Foul Ball, location: 2F 2-2: Foul Ball, location: 2F 2-2: Foul Ball, location: 2F 2-2: Ball 3-2: Ground out 5-3 (Groundball, 5S, EV 86.2 MPH)
|
|
Batting: SHB Jose Melendez
|
0-0: Called Strike 0-1: Ball 1-1: Called Strike 1-2: Ball 2-2: Strikes out swinging
|
| Top of the 8th over - 0 runs, 0 hits, 0 errors, 0 left on base; Mississippi 3 - Altoona 2 |
| BOTTOM OF THE 8TH |
|
Altoona Curve batting - Pitching for Mississippi Braves : RHP Gordon Cushing
|
|
Pitching: LHP Fred Kelly
|
|
|
Batting: RHB Jose Almonte
|
0-0: Called Strike 0-1: Swinging Strike 0-2: Ball 1-2: Foul Ball, location: 2F 1-2: Strikes out swinging
|
|
Batting: LHB Nick Rooney
|
0-0: Called Strike 0-1: SINGLE (Line Drive, 78M, EV 105.0 MPH)
|
|
Batting: RHB Mike Velazquez
|
0-0: Ball 1-0: Foul Ball, location: 2F 1-1: Ball 2-1: Called Strike 2-2: Fly out, F4 (Line Drive, 4, EV 65.0 MPH)
|
|
Batting: RHB Freddy Quintero
|
0-0: Ball 1-0: Foul Ball, location: 2F 1-1: Swinging Strike 1-2: Strikes out swinging
|
| Bottom of the 8th over - 0 runs, 1 hit, 0 errors, 1 left on base; Mississippi 3 - Altoona 2 |
| TOP OF THE 9TH |
|
Mississippi Braves batting - Pitching for Altoona Curve : RHP Justin Jones
|
|
Batting: LHB Sal Fernandez
|
0-0: Ball 1-0: Ball 2-0: Foul Ball, location: 2F 2-1: Ball 3-1: Base on Balls
|
|
Batting: RHB Tim Molchan
|
0-0: Ball 1-0: Ball 2-0: Ball Sal Fernandez steals 2nd base (no throw) 3-0: Swinging Strike 3-1: Foul Ball, location: 2F 3-2: Strikes out looking
|
|
Batting: RHB Alex Velasquez
|
0-0: Ball 1-0: Ball Sal Fernandez steals 3rd base 2-0: Called Strike 2-1: Foul Ball, location: 2F 2-2: Ball 3-2: Foul Ball, location: 2F 3-2: Foul Ball, location: 2F 3-2: Foul Ball, location: 2F 3-2: Fly out, F8 (Flyball, 89M, EV 95.0 MPH) Runner from 3rd tags up, OUT at HOME! 8-2
|
| Top of the 9th over - 0 runs, 0 hits, 0 errors, 0 left on base; Mississippi 3 - Altoona 2 |
| BOTTOM OF THE 9TH |
|
Altoona Curve batting - Pitching for Mississippi Braves : LHP Fred Kelly
|
|
Pitching: RHP Omar Orosco
|
|
|
Batting: LHB Jorge Quintana
|
0-0: Ball 1-0: Foul Ball, location: 2F 1-1: Ball 2-1: Foul Ball, location: 2F 2-2: Ball 3-2: Foul Ball, location: 2F 3-2: Foul Ball, location: 2F 3-2: Ground out 4-3 (Groundball, 4M, EV 81.9 MPH)
|
|
Batting: RHB Richard Barrios
|
0-0: Ball 1-0: Called Strike 1-1: Foul Ball, location: 2F 1-2: Ball 2-2: Foul Ball, location: 2F 2-2: Ball 3-2: Fly out, F5 (Popup, 5SF, EV 79.4 MPH)
|
|
Pinch Hitting: LHB Ruben Garza
|
0-0: Ball 1-0: Ball 2-0: Called Strike 2-1: Foul Ball, location: 2F 2-2: Strikes out swinging
|
| Bottom of the 9th over - 0 runs, 0 hits, 0 errors, 0 left on base; Mississippi 3 - Altoona 2 |
|